 Dungeon Crawl Stone Soup version 0.29-a0-789-g7a8fcbc185 (webtiles) character file.

Game seed: 2535382065351546150

7322 ytrimaz the Fighter (level 10, -13/101 HPs)
             Began as a Minotaur Berserker on July 2, 2022.
             Was a Believer of Trog.
             Mangled by a boulder beetle (40 damage)
             ... on level 9 of the Dungeon.
             The game lasted 00:15:46 (7711 turns).

ytrimaz the Fighter (Minotaur Berserker)            Turns: 7711, Time: 00:15:47

Health: -13/101    AC: 14    Str: 22    XL:     10   Next: 90%
Magic:  9/9        EV:  8    Int:  4    God:    Trog [**....]
Gold:   491        SH:  0    Dex: 16    Spells: 9/9 levels left

rFire   . . .      SeeInvis .   a - +0 short sword (spect)
rCold   + . .      Faith    .   (no shield)
rNeg    . . .      Spirit   .   p - +1 plate armour
rPois   .          Reflect  .   (helmet restricted)
rElec   .          Harm     .   (no cloak)
rCorr   .          Rampage  .   (no gloves)
Will    ++...                   (no boots)
Stlth   ..........              o - amulet of regeneration
HPRegen 2.06/turn               j - ring of protection from cold
MPRegen 0.11/turn               (no ring)

@: strong-willed, on berserk cooldown, regenerating, slowed, very slow
A: horns 2, retaliatory headbutt, thin skeletal structure 1, sturdy frame 1
a: Renounce Religion, Berserk, Trog's Hand


You were on level 9 of the Dungeon.
You worshipped Trog.
Trog was pleased with you.
You visited 1 branch of the dungeon, and saw 9 of its levels.
You also visited: Bailey.

You collected 549 gold pieces.
You spent 58 gold pieces at shops.

Inventory:

Hand Weapons
 a - a +0 spectral short sword (weapon)
 b - a +2 antimagic dagger
 n - a +0 rapier
Missiles
 r - 3 throwing nets (quivered)
Armour
 p - a +1 plate armour (worn)
Jewellery
 j - a ring of protection from cold (left hand)
 m - a ring of ice
 o - an amulet of regeneration (around neck)
Wands
 d - a wand of digging (4)
 i - a wand of charming (4)
 w - a wand of roots (17)
Scrolls
 f - 2 scrolls of noise
 g - a scroll of poison
 h - 2 scrolls of silence
 t - 2 scrolls of torment
 u - 2 scrolls of magic mapping
Potions
 c - a potion of haste
 e - 3 potions of berserk rage
 k - a potion of curing
 l - a potion of might
 q - 3 potions of mutation
 s - a potion of attraction
 v - 2 potions of flight


   Skills:
 + Level 13.1 Fighting
 + Level 12.2 Short Blades
 - Level 0.9 Throwing
 + Level 8.6 Armour
 - Level 2.1 Dodging
 - Level 1.8 Evocations


You had 9 spell levels left.
You didn't know any spells.
Your spell library was empty.

Dungeon Overview and Level Annotations

Branches:
Dungeon (9/15)             Temple (0/1) D:4             Orc (0/2) D:9
 Bailey (visited)
   Lair: D:8-11

Altars:
Elyvilon
Fedhas
Hepliaklqana
Sif Muna
Uskayaw
Vehumet

Shops:
D:6 *

Annotations:
D:7 3 runed translucent doors, zhov's ghost, novice DsFi


Innate Abilities, Weirdness & Mutations

You have a pair of horns on your head.
You reflexively headbutt those who attack you in melee.
You have a somewhat thin skeletal structure. (Dex +2, Stealth+)
Your movements are slightly less encumbered by armour. (ER -2)


Message History

You hit the boulder beetle but do no damage.
The boulder beetle is lightly wounded.
Your +0 spectral short sword hits the boulder beetle but does no damage.
You hit the boulder beetle but do no damage.
The boulder beetle is lightly wounded.
Your +0 spectral short sword hits the boulder beetle but does no damage.
The boulder beetle bites you.
A red film seems to cover your vision as you go berserk!
You feel yourself moving faster!
You feel mighty!
The boulder beetle leaps!
You feel a strong urge to attack something.
A centaur warrior comes into view.
The centaur warrior shouts!
The centaur warrior wields a +0 shortbow.
The centaur warrior shoots an arrow.
The arrow hits you!
The boulder beetle leaps!
Unknown command.
You are too berserk!
You feel your anger nearly subside.
You are no longer berserk.
You are exhausted.
You feel yourself slow down.
The centaur warrior shoots an arrow.
The arrow hits you.
The centaur warrior shoots an arrow.
The arrow hits you.
The centaur warrior shoots an arrow.
The arrow closely misses you.
You see here a human corpse.
The centaur warrior shoots an arrow.
The arrow hits you but does no damage.
The centaur warrior shoots an arrow.
The arrow hits you!
The centaur warrior shoots an arrow.
The arrow hits you.
The centaur warrior shoots an arrow.
The arrow hits you!
The centaur warrior shoots an arrow.
The arrow hits you but does no damage.
The boulder beetle curls into a ball and begins rolling!
The centaur warrior shoots an arrow.
The arrow hits you!
* * * LOW HITPOINT WARNING * * *
The air fills with toxic fumes!
As you read the scroll labelled SOSAPE LEGE, it crumbles to dust.
It was a scroll of poison.
The boulder beetle is engulfed in poison gas.
The boulder beetle is poisoned.
The boulder beetle is engulfed in poison gas.
The boulder beetle looks even sicker.
The boulder beetle hits you!!!
You die...

# ####### #...... #.##### ... #
##################### ####.###
.........§§§§§§§..... ..>.....
.....$..°§§§§§§§###########.#.##.
#####....§°°°c§B@§§§§§§§.##.#....
####################.#.......
#..#.# #.....#.#..#####
#..#.###.###........... #
#............#.#..##...
#.##.##.###.###.#.#..##...
#.......)...###.#.#..##...
###.....)).....#.#..##...
#.######)##########.#..##...


You could see a boulder beetle (rolling, very poisoned) and a centaur warrior.

Vanquished Creatures
  2 two-headed ogres
  5 spriggans (Bailey)
  2 wraiths (D:9)
  6 yaks (D:8)
  A shadow (D:9)
  5 humans (D:8)
  2 steam dragons
  A warg (D:9)
  2 water moccasins (D:7)
  An acid dragon (D:9)
  2 orc warriors
  An ice beast (D:7)
  A sky beast (D:8)
  A black bear (D:7)
  A centaur (D:9)
  6 ogres
  2 phantoms
  A kobold brigand (D:8)
  4 bullfrogs (D:7)
  2 necrophages
  4 scorpions
  A howler monkey (D:5)
  5 hounds
  6 orc priests
  A bouda (D:6)
  Jessica (D:8)
  Terence (D:3)
  An iguana (D:5)
  6 orc wizards
  8 gnolls
  3 adders
  A worm (D:2)
  4 dart slugs
  27 orcs
  4 ball pythons
  4 bats
  3 endoplasms
  3 giant cockroaches (D:1)
  3 goblins
  6 hobgoblins
  7 jackals
  12 kobolds
  A quokka (D:2)
  2 frilled lizards (D:2)
  5 rats
167 creatures vanquished.

Vanquished Creatures (others)
  2 fungi (D:7)
  2 plants (D:7)
4 creatures vanquished.

Grand Total: 171 creatures vanquished

Notes
Turn   | Place    | Note
-------+----------+-------------------------------------------
     0 | D:1      | ytrimaz the Minotaur Berserker began the quest for the Orb.
     0 | D:1      | Reached XP level 1. HP: 19/19 MP: 0/0
   332 | D:1      | Reached XP level 2. HP: 26/26 MP: 1/1
   518 | D:1      | Found a faded altar of an unknown god.
  1142 | D:2      | Reached XP level 3. HP: 31/31 MP: 2/2
  1290 | D:2      | Reached ** piety under Trog
  1291 | D:2      | Reached skill level 5 in Short Blades
  2010 | D:3      | Noticed Terence
  2017 | D:3      | Killed Terence
  2018 | D:3      | Reached XP level 4. HP: 39/39 MP: 3/3
  2187 | D:3      | Found a hazy altar of Hepliaklqana.
  2852 | D:4      | Found a staircase to the Ecumenical Temple.
  2854 | D:4      | Noticed a necrophage
  2866 | D:4      | Killed a necrophage
  2867 | D:4      | Reached XP level 5. HP: 39/45 MP: 4/4
  3434 | D:5      | Entered Level 5 of the Dungeon
  3523 | D:5      | Noticed an ogre
  3541 | D:5      | Reached XP level 6. HP: 12/51 MP: 5/5
  3633 | D:5      | Found a radiant altar of Vehumet.
  3791 | D:5      | Found a shimmering blue altar of Sif Muna.
  3807 | D:5      | Reached XP level 7. HP: 49/57 MP: 6/6
  4060 | D:5      | Found a hide-covered altar of Uskayaw.
  4313 | D:6      | Found Henn's Assorted Antiques.
  4316 | D:6      | Bought a scroll of identify for 58 gold pieces
  4405 | D:6      | Reached skill level 10 in Short Blades
  4539 | D:6      | Gained mutation: Armour fits poorly on your strangely
                  | shaped body. [potion of mutation]
  4539 | D:6      | Gained mutation: You expend magic power (3 MP) to
                  | strengthen your wands. [potion of mutation]
  4540 | D:6      | Lost mutation: Armour fits poorly on your strangely shaped
                  | body. [potion of mutation]
  4540 | D:6      | Lost mutation: You expend magic power (3 MP) to strengthen
                  | your wands. [potion of mutation]
  4540 | D:6      | Gained mutation: You have a somewhat thin skeletal
                  | structure. (Dex +2, Stealth+) [potion of mutation]
  4540 | D:6      | Gained mutation: Your movements are slightly less
                  | encumbered by armour. (ER -2) [potion of mutation]
  4634 | D:6      | Reached XP level 8. HP: 55/64 MP: 7/7
  5130 | D:7      | Reached skill level 4 in Fighting
  5239 | D:7      | Found a flagged portal.
  5262 | Bailey   | Entered a bailey
  5283 | Bailey   | Reached skill level 5 in Fighting
  5302 | Bailey   | Reached skill level 6 in Fighting
  5343 | Bailey   | Reached skill level 7 in Fighting
  5343 | Bailey   | Reached XP level 9. HP: 46/79 MP: 8/8
  5500 | Bailey   | Noticed a two-headed ogre
  5521 | Bailey   | Reached skill level 8 in Fighting
  5535 | Bailey   | Killed a two-headed ogre
  5536 | Bailey   | Reached skill level 9 in Fighting
  5536 | Bailey   | Reached skill level 1 in Evocations
  5583 | Bailey   | Reached skill level 10 in Fighting
  5636 | Bailey   | Identified the +1 steam dragon scales of the Abyss {Contam
                  | +Blink rN+}
  5675 | Bailey   | Identified the +11 trident of Karma {drain, Contam Fragile
                  | +Blink rF+++}
  5988 | D:7      | Reached skill level 11 in Fighting
  6195 | D:7      | Found a white marble altar of Elyvilon.
  6214 | D:7      | Reached XP level 10. HP: 90/96 MP: 9/9
  6247 | D:7      | Found a blossoming altar of Fedhas.
  6360 | D:7      | Found a runed translucent gate.
  6360 | D:7      | Found a runed translucent gate.
  6360 | D:7      | Found a runed translucent gate.
  6361 | D:7      | Noticed zhov's ghost (novice DsFi)
  6637 | D:8      | Noticed Jessica
  6676 | D:8      | Reached skill level 5 in Armour
  6729 | D:8      | Killed Jessica
  6730 | D:8      | Reached skill level 12 in Fighting
  7416 | D:9      | Noticed a two-headed ogre
  7425 | D:9      | Killed a two-headed ogre
  7427 | D:9      | Found a staircase to the Orcish Mines.
  7451 | D:9      | Reached skill level 13 in Fighting
  7682 | D:9      | Noticed a boulder beetle
  7701 | D:9      | Noticed a centaur warrior
  7711 | D:9      | Mangled by a boulder beetle

Illustrated notes

Levels and vault maps discovered:
D:1:      mrwooster_arrival_statue_2, layout_loops_cross,
          shapermc_ecumenical_altar_flowoftime, minmay_misc_feat_four_crosses
D:2:      layout_loops_ring, dreamdust_princess_bridge
D:3:      layout_basic, worldfamousw_hep_ancestral_shrine,
          chequers_serial_rivers_small_3, uniq_terence
D:4:      layout_loops_ring, minmay_temple_entry_junction_2,
          kennysheep_generic_room_7
D:5:      layout_basic, kennysheep_orc_sif_temple, mainiacjoe_overflow_alcove_1,
          mainiacjoe_overflow_alcove_2
D:6:      layout_basic, serial_shops, nicolae_stop_n_shop_1
D:7:      layout_rooms, mainiacjoe_overflow_two_lobes, enter_bailey_2,
          gammafunk_ghost_nasty_kobolds
D:8:      erik_cavepeople, layout_loops_corners, grunt_lair_entry_orc_guard_hut
D:9:      layout_basic, erik_orc_4, kennysheep_doodads, nzn_sisyphean_effort

Skill      XL: |  1  2  3  4  5  6  7  8  9 10 |
---------------+-------------------------------+-----
Short Blades   | 4 5 6 7 8 10 12 | 12.2
Fighting       | 7 11 13 | 13.1
Evocations     | 1 |  1.8
Armour         | 4 8 |  8.6
Throwing       | |  0.9
Dodging        | |  2.1

Action                   |  1- 3 |  4- 6 |  7- 9 | 10-12 || total
-------------------------+-------+-------+-------+-------++-------
Melee: Short sword       |    86 |    94 |   319 |   258 ||   757
       Headbutt          |    16 |    14 |    63 |    69 ||   162
       Punch             |     2 |       |     7 |     4 ||    13
Throw: Throwing net      |       |       |     1 |       ||     1
Invok: Berserk           |     1 |     1 |     7 |     3 ||    12
       Trog's Hand       |       |     4 |    12 |     8 ||    24
Evoke: Wand              |       |       |     3 |       ||     3
  Use: Scroll            |     3 |     1 |     5 |     5 ||    14
       Potion            |       |       |    13 |     1 ||    14
 Stab: Sleeping          |     1 |       |       |       ||     1
Armor: Animal skin       |    17 |     2 |       |       ||    19
       Plate armour      |       |    38 |   106 |    89 ||   233
Dodge: Dodged            |    50 |    22 |   100 |    49 ||   221

Table legend: (Time is in decaauts)
 A = Elapsed time spent in this place.
 B = Non-inter-level travel time spent in this place.
 C = Inter-level travel time spent in this place.
 D = Time resting spent in this place.
 E = Time spent auto-exploring this place.
 F = Levels seen in this place.
 G = Mean time per level.
                   A        B        C        D        E       F      G
               +--------+--------+--------+--------+--------+-----+--------+
         Total |   7526 |   7326 |    200 |    392 |   5307 |  10 |  752.6 |
       Dungeon |   6829 |   6629 |    200 |    103 |   5261 |   9 |  758.8 |
        Bailey |    697 |    697 |      0 |    289 |     46 |   1 |  697.0 |
               +--------+--------+--------+--------+--------+-----+--------+

Top non-repeatable levels by time:
     D:1: 1085 daAuts
     D:2: 893 daAuts
     D:3: 869 daAuts
     D:5: 856 daAuts
     D:6: 808 daAuts
     D:8: 701 daAuts
  Bailey: 697 daAuts
     D:7: 640 daAuts
     D:4: 579 daAuts
     D:9: 396 daAuts
